Map: Orbital Shipyard

Players

Atuor - Winner!

  • Race: Terran Terran
  • League: Diamond

LilDicky

  • Race: Terran Terran
  • League: Diamond

VOD

http://www.twitch.tv/tumescentpie

Description

Time

  • Played on: Dec. 31, 2015, 5:36 p.m.
  • Length: 2:50
Show
View Real Time Build Order
Export as new Build Order

Atuor Terran - Winner!

Build Orders:  

Get SALT Encoding   

  12  0:01  SCV  
  13  0:18  Supply Depot, SCV  
  14  0:30  SCV  
  15  0:50  Barracks  
  15  0:53  Barracks  
  15  1:07  Barracks  
  15  1:21  Barracks  
  15  1:37  Marine  
  16  1:45  Marine  
  17  1:55  Marine  
  17  1:56  Marine  
  17  2:01  Orbital Command  
  19  2:02  Marine  
  19  2:08  Marine  
  20  2:12  Marine  
  20  2:14  Marine  
Show
View Real Time Build Order
Export as new Build Order

LilDicky Terran 

Build Orders:  

Get SALT Encoding   

  12  0:02  SCV  
  14  0:14  SCV  
  14  0:24  Supply Depot  
  14  0:28  SCV  
  15  0:40  Refinery  
  15  0:46  SCV  
  16  0:51  Barracks  
  16  0:58  SCV  
  17  1:10  SCV  
  18  1:22  SCV  
  19  1:34  SCV  
  19  1:37  Refinery  
  19  1:38  Marine  
  21  1:40  Supply Depot  
  21  1:47  Factory  
  21  1:50  Orbital Command  
  21  1:57  Marine  
  22  2:15  SCV, Marine  
  24  2:19  Supply Depot  
  24  2:32  Bunker  
  24  2:36  Bunker  
Tags
 
Add a new tag
Caveats
  • Supply blocks, unpowered buildings, or Contaminate may cause inaccurate times.
  • Supply counts are checked every 10 seconds.